 Dungeon Sprint DCSS version 0.22.1-2-g9c5b331 (webtiles) character file.

2722 diana the Thaumaturge (level 9, -12/45 HPs)
             Began as a Deep Elf Fire Elementalist on Dec 24, 2018.
             Was a High Priest of Sif Muna.
             Mangled by a two-headed ogre
             ... wielding a +0 giant spiked club
              (18 damage)
             ... in the Dungeon (Sprint III: "The Ten Rune Challenge").
             The game lasted 00:10:19 (1475 turns).

diana the Thaumaturge (Deep Elf Fire Elementalist)  Turns: 1475, Time: 00:10:20

Health: -12/45     AC:  3    Str:  5    XL:     9   Next: 39%
Magic:  6/29       EV: 13    Int: 24    God:    Sif Muna [*****.]
Gold:   65         SH:  0    Dex: 17    Spells: 13/36 levels left

rFire    . . .     SeeInvis .   (no weapon)
rCold    . . .     Gourm    .   (no shield)
rNeg     . . .     Faith    .   a - +0 robe
rPois    +         Spirit   .   (helmet restricted)
rElec    .         Reflect  .   j - +0 cloak
rCorr    .         Harm     .   (no gloves)
MR       .....     Clarity  +   (no boots) Stlth +++++.....NoTele +
                                (no amulet)
HPRegen  0.15/turn              (no ring)
MPRegen  0.21/turn              (no ring)

@: no status effects
A: horns 1, talons 1, thin skeletal structure 1, clarity, poison resistance
a: Divine Energy, Channel Magic, Forget Spell, Renounce Religion


You were in the Dungeon.
You worshipped Sif Muna.
Sif Muna was extremely pleased with you.
You were hungry.

You visited 1 branch You collected 65 gold pieces.

Inventory:

Armour
 a - a +0 robe (worn)
 j - a +0 cloak (worn)
Wands
 b - a wand of flame (17)
Scrolls
 i - a scroll of blinking
 k - 2 scrolls of torment {unknown}
 l - a scroll of fear {unknown}
 m - 4 scrolls of remove curse
 o - a scroll of identify {unknown}
Potions
 d - a potion of curing
 e - 2 potions of heal wounds
 f - 2 potions of haste
 g - 2 potions of magic
 h - 2 potions of berserk rage
 n - a potion of flight {unknown}
 p - 2 potions of mutation
 r - 2 potions of might
Miscellaneous
 q - a crystal ball of energy
Comestibles
 c - 4 rations


   Skills:
 - Level 2.4 Dodging
 - Level 8.7 Stealth
 * Level 14.4 Spellcasting
 * Level 12.2 Conjurations
 * Level 12.6 Fire Magic
 * Level 5.6 Ice Magic
 + Level 5.2 Invocations


You had 13 spell levels left.
You knew the following spells:

 Your Spells              Type           Power        Failure   Level  Hunger
a - Flame Tongue          Conj/Fire      #####        1%          1    None
b - Conjure Flame         Conj/Fire      ######..     1%          3    None
c - Throw Flame           Conj/Fire      ######       1%          2    None
d - Fireball              Conj/Fire      ######....   1%          5    ##.....
e - Apportation           Tloc           ###...       3%          1    None
f - Bolt of Draining      Conj/Necr      #####.....   8%          5    ##.....
g - Freezing Cloud        Conj/Ice/Air   #####.....   41%         6    #####..

Your spell library contained the following spells:

 Spells                   Type           Power        Failure   Level  Hunger
 Inner Flame              Hex/Fire       #####...     1%          3    None
 Sticky Flame             Conj/Fire      ######..     1%          4    None
 Animate Skeleton         Necr           N/A          3%          1    None
 Confusing Touch          Hex            ###...       3%          1    None
 Summon Small Mammal      Summ           ###.         3%          1    None
 Corpse Rot               Necr           N/A          4%          2    None
 Confuse                  Hex            ###.....     10%         3    None
 Gell's Gravitas          Tloc           ###.......   10%         3    None
 Bolt of Cold             Conj/Ice       ######....   13%         6    #####..
 Metabolic Englaciation   Hex/Ice        ####......   28%         5    ##.....
 Petrify                  Tmut/Erth      ###.....     32%         4    None
 Yara's Violent Unravell  Hex/Tmut       ###.......   67%         5    ##.....


Dungeon Overview and Level Annotations

Branches:
Dungeon (1/1)

Altars:
Cheibriados
Dithmenos
Elyvilon
Fedhas
Gozag
Hepliaklqana
Kikubaaqudgha
Makhleb
Nemelex Xobeh
Okawaru
Qazlal
Ru
Sif Muna
Trog
Uskayaw
Vehumet
Wu Jian
Xom
Yredelemnul
Zin
The Shining One
Beogh
Jiyva
Lugonu


Innate Abilities, Weirdness & Mutations

You have a pair of small horns on your head.
You have sharp toenails.
You have a somewhat thin skeletal structure. (Dex +2, Stealth)
You possess an exceptional clarity of mind.
Your system is resistant to poisons. (rPois)


Message History

Aiming: Bolt of Draining (safe; 8% risk of failure)
Press: ? - help, Shift-Dir - straight line, f - redback
Aim: a redback (severely wounded, lightly drained, clinging)
The bolt of negative energy hits the redback.
The redback is drained!
You kill the redback!
Sif Muna accepts your kill.
You see here Sif Muna's Grimoire of Displaced Execration.
Sif Muna grants you a gift!
Things that are here:
a giant club x2; a two-headed ogre corpse
Things that are here:
a giant spiked club x2
Things that are here:
a giant club x2
There is an open door here.
The two-headed ogre hits you with a giant spiked club!!
* * * LOW HITPOINT WARNING * * *
The two-headed ogre hits you with a giant spiked club!!
You die...

▓ ▓▓▓ ♣ ♣.############
♣.#___#___#__# ♣ ♣♣.#.).#__)#._#
♣ ♣..###'#'###'## ♣♣
♣..#..........#
≈♣♣♣♣.).⌠........#
≈≈≈♣♣.#...######@#
≈≈....#.⌠.#__#..O#+##############
≈.....#...#__#...#....#.#.#.....#
......#'###__#...##.#).#.##)###:#
......#)..#__#...'##.#.#.##.#.†##
......#___#__'...#)..#..#..##.)'O
▓▓▓▓▓▓▓▓▓▓▓▓▓▓▓▓▓▓▓▓▓▓▓▓▓▓▓▓▓▓▓#.
.


You could see a two-headed ogre.

Vanquished Creatures
  Erolcha (D)
  A deep elf mage (D)
  2 redbacks (D)
  A shadow (D)
  A spatial vortex (D)
  A necrophage (D)
  4 two-headed ogres (D)
  A water elemental (D)
  A jelly (D)
  A wizard (D)
  Crazy Yiuf (D)
  Jessica (D)
  A necromancer (D)
  A kobold demonologist (D)
  3 humans (D)
  An ooze (D)
  2 rats (D)
24 creatures vanquished.

Vanquished Creatures (others)
  2 draconian scorchers (D)
  6 hellions (D)
  A yaktaur (D)
  3 plants (D)
12 creatures vanquished.

Grand Total: 36 creatures vanquished

Notes
Turn   | Place    | Note
-------+----------+-------------------------------------------
     0 | D        | diana the Deep Elf Fire Elementalist began the quest for
                  | the Orb.
     0 | D        | Reached XP level 1. HP: 10/10 MP: 6/6
    35 | D        | Killed a yaktaur
    75 | D        | Noticed Jessica
    76 | D        | Killed Jessica
    76 | D        | Reached skill level 5 in Spellcasting
    76 | D        | Reached XP level 2. HP: 15/15 MP: 7/10
    76 | D        | Reached XP level 3. HP: 19/19 MP: 7/11
    83 | D        | Killed a hellion
    94 | D        | Killed a hellion
    94 | D        | Killed a hellion
    95 | D        | Killed a hellion
   126 | D        | Noticed Crazy Yiuf
   133 | D        | Killed Crazy Yiuf
   133 | D        | Reached skill level 6 in Spellcasting
   133 | D        | Reached skill level 5 in Fire Magic
   133 | D        | Killed a hellion
   158 | D        | Gained mutation: Your body sometimes deteriorates upon
                  | taking damage. [potion of mutation]
   158 | D        | Gained mutation: You are clumsy. (Dex -2) [potion of
                  | mutation]
   158 | D        | Gained mutation: Your system is resistant to poisons.
                  | (rPois) [potion of mutation]
   158 | D        | Gained mutation: You have a somewhat thin skeletal
                  | structure. (Dex +2, Stealth) [potion of mutation]
   159 | D        | Lost mutation: You are clumsy. (Dex -2) [potion of
                  | mutation]
   159 | D        | Lost mutation: Your body sometimes deteriorates upon taking
                  | damage. [potion of mutation]
   159 | D        | Gained mutation: You have a pair of small horns on your
                  | head. [potion of mutation]
   159 | D        | Gained mutation: You possess an exceptional clarity of
                  | mind. [potion of mutation]
   159 | D        | Gained mutation: You have sharp toenails. [potion of
                  | mutation]
   186 | D        | Learned a level 3 spell: Conjure Flame
   189 | D        | Learned a level 2 spell: Throw Flame
   200 | D        | Reached XP level 4. HP: 16/24 MP: 8/14
   204 | D        | Killed a white draconian scorcher
   215 | D        | Killed a white draconian scorcher
   235 | D        | Killed a hellion
   280 | D        | Noticed a water elemental
   282 | D        | Killed a water elemental
   282 | D        | Reached skill level 5 in Stealth
   282 | D        | Reached skill level 7 in Spellcasting
   282 | D        | Reached skill level 5 in Conjurations
   321 | D        | Found a radiant altar of Vehumet.
   322 | D        | Noticed a wizard
   323 | D        | Found a deep blue altar of Sif Muna.
   325 | D        | Killed a wizard
   325 | D        | Reached skill level 8 in Spellcasting
   325 | D        | Reached XP level 5. HP: 28/28 MP: 10/17
   379 | D        | Found an ancient bone altar of Kikubaaqudgha.
   393 | D        | Learned a level 5 spell: Fireball
   395 | D        | Learned a level 1 spell: Apportation
   398 | D        | Became a worshipper of Sif Muna the Loreminder
   410 | D        | Found a glowing silver altar of Zin.
   410 | D        | Found a glowing golden altar of the Shining One.
   410 | D        | Found a white marble altar of Elyvilon.
   410 | D        | Noticed a deep elf mage
   414 | D        | Killed a deep elf mage
   414 | D        | Reached * piety under Sif Muna
   414 | D        | Reached ** piety under Sif Muna
   414 | D        | Reached skill level 11 in Spellcasting
   414 | D        | Reached XP level 6. HP: 32/32 MP: 1/22
   414 | D        | Reached XP level 7. HP: 36/36 MP: 1/23
   534 | D        | Found a hide-covered altar of Uskayaw.
   534 | D        | Found a roughly hewn altar of Beogh.
   534 | D        | Found an iron altar of Okawaru.
   534 | D        | Found a bloodstained altar of Trog.
   534 | D        | Found an ornate altar of the Wu Jian Council.
   534 | D        | Noticed a human
   534 | D        | Noticed a human
   536 | D        | Killed a human
   536 | D        | Reached *** piety under Sif Muna
   536 | D        | Reached skill level 10 in Fire Magic
   537 | D        | Killed a human
   537 | D        | Reached skill level 12 in Spellcasting
   622 | D        | Found a basalt altar of Yredelemnul.
   622 | D        | Found a shadowy altar of Dithmenos.
   622 | D        | Found a sacrificial altar of Ru.
   623 | D        | Reached skill level 10 in Conjurations
   624 | D        | Reached skill level 1 in Invocations
   661 | D        | Noticed a shadow
   664 | D        | Reached **** piety under Sif Muna
   685 | D        | Killed a shadow
   685 | D        | Reached XP level 8. HP: 11/41 MP: 18/26
   912 | D        | Found a blossoming altar of Fedhas.
   912 | D        | Found a stormy altar of Qazlal.
   912 | D        | Found a snail-covered altar of Cheibriados.
   912 | D        | Found a burning altar of Makhleb.
   912 | D        | Found a shimmering altar of Xom.
   913 | D        | Found a hazy altar of Hepliaklqana.
   913 | D        | Found an opulent altar of Gozag.
   913 | D        | Found a sparkling altar of Nemelex Xobeh.
   913 | D        | Found a corrupted altar of Lugonu.
   913 | D        | Found a viscous altar of Jiyva.
  1031 | D        | Reached ***** piety under Sif Muna
  1031 | D        | Identified Gueh's Tome of the Frostbite and Sinister
                  | Secrets (Sif Muna gifted it to you in the Dungeon)
  1031 | D        | Received a gift from Sif Muna
  1031 | D        | Reached skill level 13 in Spellcasting
  1041 | D        | Learned a level 5 spell: Bolt of Draining
  1048 | D        | Learned a level 6 spell: Freezing Cloud
  1170 | D        | Reached skill level 1 in Ice Magic
  1259 | D        | Noticed a two-headed ogre
  1265 | D        | Killed a two-headed ogre
  1266 | D        | Noticed Erolcha
  1449 | D        | Noticed a two-headed ogre
  1453 | D        | Killed Erolcha
  1453 | D        | Reached skill level 14 in Spellcasting
  1453 | D        | Reached XP level 9. HP: 39/45 MP: 11/29
  1455 | D        | Reached skill level 5 in Ice Magic
  1455 | D        | Reached skill level 5 in Invocations
  1456 | D        | Identified Sif Muna's Grimoire of Displaced Execration (Sif
                  | Muna gifted it to you in the Dungeon)
  1456 | D        | Received a gift from Sif Muna
  1475 | D        | Mangled by a two-headed ogre

Skill      XL: |  1  2  3  4  5  6  7  8  9 |
---------------+----------------------------+-----
Conjurations   | 3 4 6 9 10 12 | 12.2
Stealth        | 3 4 5 7 8 |  8.7
Spellcasting   | 5 6 8 11 12 14 | 14.4
Fire Magic     | 4 5 7 9 11 12 | 12.6
Invocations    | 2 4 5 |  5.2
Ice Magic      | 4 5 |  5.6
Dodging        | |  2.4

Action                   |  1- 3 |  4- 6 |  7- 9 || total
-------------------------+-------+-------+-------++-------
Melee: Unarmed           |       |       |     1 ||     1
 Cast: Flame Tongue      |    15 |     7 |    34 ||    56
       Conjure Flame     |       |     2 |     7 ||     9
       Fireball          |       |     1 |    11 ||    12
       Throw Flame       |       |       |     1 ||     1
       Bolt of Draining  |       |       |     6 ||     6
Invok: Divine Energy     |       |       |     1 ||     1
       Stop Divine Energ |       |       |     1 ||     1
  Use: Potion            |     2 |       |     1 ||     3
  Eat: Chunk             |       |       |     3 ||     3
Armor: Robe              |       |       |     2 ||     2
Dodge: Dodged            |       |     1 |     9 ||    10
